 Dungeon Crawl Stone Soup version 0.17-a0-1887-g3e50df6 (webtiles) character file.

1078 4thArraOfDagon the Conjurer (level 8, -3/61 HPs)
             Began as a High Elf Fire Elementalist on Sept 23, 2015.
             Was a Follower of Vehumet.
             Splashed by a jelly's acid (8 damage)
             ... on level 6 of the Dungeon.
             The game lasted 00:19:05 (2564 turns).

4thArraOfDagon the Conjurer (HEFE)                  Turns: 2564, Time: 00:19:05

Health: -3/61      AC: -2    Str: 10      XL:     8   Next: 8%
Magic:  10/16      EV: 12    Int: 21      God:    Vehumet [*.....]
Gold:   310        SH:  0    Dex: 13 (16) Spells: 5 memorised, 1 level left

rFire  . . .     SeeInvis .     l - +0 long sword
rCold  . . .     Clarity  .     a - +0 robe
rNeg   . . .     SustAt   .     (no shield)
rPois  .         Gourm    .     (no helmet)
rElec  .         Spirit   .     (no cloak)
rCorr  .         Warding  .     (no gloves)
rMut   .         Stasis   .     (no boots)
MR     +....                    (no amulet)
Stlth  ..........               (no ring)
                                (no ring)

@: berserking, corroded equipment, flying, repel missiles, very quick, somewhat
resistant to hostile enchantments, extremely unstealthy
A: frail 1, magic resistance 1, weak 1
a: Renounce Religion


You were on level 6 of the Dungeon.
You worshipped Vehumet.
Vehumet was aware of your devotion.
You were not hungry.

You visited 2 branches of the dungeon, and saw 10 of its levels.

You collected 310 gold pieces.

Inventory:

Hand weapons
 l - a +0 long sword (weapon)
Missiles
 A - 3 curare-tipped needles
Armour
 a - a +0 robe (worn)
Jewellery
 B - an uncursed ring of ice
Magical devices
 m - a wand of cold (0)
 p - a wand of fireball (0)
 y - a wand of confusion (28)
Scrolls
 e - 5 scrolls of identify
 j - 2 scrolls of remove curse
 o - a scroll of blinking
 r - a scroll of fear {unknown}
 t - a scroll of teleportation
 w - a scroll of enchant armour {unknown}
 E - a scroll of magic mapping {unknown}
Potions
 d - 2 potions of curing
 g - 2 potions of flight
 h - a potion of poison {unknown}
 q - a potion of lignification {unknown}
 C - a potion of heal wounds {unknown}
 D - a potion of might {unknown}
Books
 b - a book of Flames

   Spells                             Type                      Level
   a - Flame Tongue                   Conjuration/Fire             1
   b - Throw Flame                    Conjuration/Fire             2
   c - Conjure Flame                  Conjuration/Fire             3
   d - Inner Flame                    Hexes/Fire                   3
   e - Sticky Flame                   Conjuration/Fire             4
   f - Fireball                       Conjuration/Fire             5
 n - a book of Conjurations

   Spells                             Type                      Level
   a - Magic Dart                     Conjuration                  1
   b - Searing Ray                    Conjuration                  2
   c - Dazzling Spray                 Conjuration/Hexes            3
   d - Fulminant Prism                Conjuration/Hexes            4
   e - Iskenderun's Mystic Blast      Conjuration                  4
   f - Iskenderun's Battlesphere      Conjuration/Charms           5
 s - a book of Air

   Spells                             Type                      Level
   a - Shock                          Conjuration/Air              1
   b - Swiftness                      Charms/Air                   2
   c - Repel Missiles                 Charms/Air                   2
   d - Static Discharge               Conjuration/Air              3
   e - Lightning Bolt                 Conjuration/Air              5
Miscellaneous
 v - a plain deck of defence
Comestibles
 c - 2 bread rations
 k - a meat ration
 u - 2 beef jerkies
 x - a slice of pizza


   Skills:
 - Level 2.1 Dodging
 - Level 2.1 Stealth
 + Level 4.9 Spellcasting
 * Level 6.8 Conjurations
 * Level 6.6 Fire Magic


You had one spell level left.
You knew the following spells:

 Your Spells              Type           Power        Failure   Level  Hunger
a - Flame Tongue          Conj/Fire      ####.        1%          1    None
b - Conjure Flame         Conj/Fire      ####....     2%          3    ##.....
c - Sticky Flame          Conj/Fire      ####....     10%         4    ####...
d - Repel Missiles        Chrm/Air       #.....       17%         2    None
e - Fireball              Conj/Fire      ####......   24%         5    #####..


Dungeon Overview and Level Annotations

Branches:
Dungeon (9/15)             Temple (1/1) D:5
   Lair: D:8-11         Orc: D:9-12

Altars:
Ashenzari
Cheibriados
Elyvilon
Fedhas
Gozag
Kikubaaqudgha
Makhleb
Nemelex Xobeh
Okawaru
Qazlal
Ru
Sif Muna
Vehumet
Xom
Yredelemnul
Zin
The Shining One

Shops:
D:8 ?

Annotations:
D:4 Pikel
D:5 Sigmund
D:6 esc's ghost, experienced GrWn


Innate Abilities, Weirdness & Mutations

You are frail (-10% HP).
You are resistant to hostile enchantments.
You are weak. (Str -2)


Message History

Vehumet accepts your kill.
You slash the jelly!
Your hands burn!
* * * LOW HITPOINT WARNING * * *
The jelly is moderately wounded.
The quasit bites you but does no damage.
The quasit claws you but does no damage.
The quasit closely misses you. The jelly closely misses you.
Unknown command.
You slash the jelly!
Your hands burn!
* * * LOW HITPOINT WARNING * * *
The jelly is severely wounded.
The quasit bites you but does no damage.
The quasit claws you.
* * * LOW HITPOINT WARNING * * *
You feel clumsy.
The quasit claws you but does no damage.
The jelly hits you.
* * * LOW HITPOINT WARNING * * *
You are splashed with acid!
The acid corrodes you!
The acid burns!
You die...

.h...# ##.##.##.####....#
#....#+##h##.#......>#+##
+....'....r..'.......'..#
#....#########5..<...#+##
###.Zhh..r......###### +
+..r#######.hh...+ #
#..## ##rr#..# #+#.##
##5##.## ..r.# ##@JJ.#
.r.## #....# h..# #....+
....rr #....# .#+##r..
##....# .+ ... +....# .#
.. #....# .# . ###### .+


You could see a hound, 2 jellies, a quasit, a crimson imp, a jackal and 2 rats.

Vanquished Creatures
  The ghost of barthelm the Cutter, an average KoBe of Trog (D:3)
  4 slaves (D:4)
  2 ogres
  2 giant frogs
  3 scorpions
  A centaur zombie (D:8)
  A jelly (D:8)
  3 hounds
  2 orc wizards
  8 worker ants
  A killer bee zombie (D:6)
  3 adders
  An ooze (D:4)
  A worm (D:4)
  5 giant geckos
  8 orcs
  A giant cockroach (D:6)
  5 hobgoblins
  10 jackals
  4 kobolds
  5 quokkas
  3 bats
  A giant newt (D:1)
  2 goblins
  4 rats
81 creatures vanquished.

Vanquished Creatures (others)
  2 worms (D:4)
  A giant cockroach (D:4)
  A giant gecko skeleton (D:4)
  A giant newt (D:4)
5 creatures vanquished.

Grand Total: 86 creatures vanquished

Notes
Turn   | Place    | Note
--------------------------------------------------------------
     0 | D:1      | 4thArraOfDagon the High Elf Fire Elementalist began the quest for the Orb.
     0 | D:1      | Reached XP level 1. HP: 11/11 MP: 4/4
   173 | D:1      | Reached XP level 2. HP: 12/17 MP: 0/6
   349 | D:3      | Found an ancient bone altar of Kikubaaqudgha.
   386 | D:3      | Found a snail-covered altar of Cheibriados.
   482 | D:4      | Noticed an ogre
   499 | D:5      | Entered Level 5 of the Dungeon
   499 | D:5      | Found a sacrificial altar of Ru.
   499 | D:5      | Found a staircase to the Ecumenical Temple.
   508 | Temple   | Entered the Ecumenical Temple
   571 | D:5      | Noticed Sigmund
   628 | D:6      | Reached XP level 3. HP: 14/21 MP: 0/8
   633 | D:6      | Learned a level 3 spell: Conjure Flame
   692 | D:6      | Noticed esc's ghost (experienced GrWn)
   745 | D:6      | Noticed a giant frog
   942 | D:8      | Noticed a water elemental
   944 | D:8      | Found a stormy altar of Qazlal.
   945 | D:8      | Noticed an earth elemental
   945 | D:8      | Noticed a fire elemental
   945 | D:8      | Noticed an air elemental
   954 | D:8      | Found Zafov's Magic Scroll Boutique.
   957 | D:8      | Noticed a centaur
  1024 | D:8      | Noticed a giant frog
  1031 | D:8      | Killed a giant frog
  1031 | D:8      | Reached skill level 4 in Fire Magic
  1031 | D:8      | Reached XP level 4. HP: 27/27 MP: 9/9
  1046 | D:8      | Reached XP level 5. HP: 27/31 MP: 5/10
  1054 | D:8      | Noticed a scorpion
  1058 | D:8      | Learned a level 4 spell: Sticky Flame
  1084 | D:8      | Killed a scorpion
  1090 | D:8      | Noticed a crocodile
  1119 | D:8      | Reached XP level 6. HP: 20/36 MP: 0/12
  1134 | D:8      | Reached skill level 5 in Fire Magic
  1141 | D:8      | Noticed a two-headed ogre
  1157 | D:7      | Noticed a big kobold
  1189 | D:5      | Found a radiant altar of Vehumet.
  1197 | D:5      | Became a worshipper of Vehumet
  1235 | D:6      | Noticed a giant frog
  1242 | D:6      | Killed a giant frog
  1352 | D:5      | Reached skill level 5 in Conjurations
  1445 | D:3      | Found a sparkling altar of Nemelex Xobeh.
  1445 | D:3      | Noticed barthelm's ghost (average KoBe)
  1475 | D:2      | Reached XP level 7. HP: 29/41 MP: 3/14
  1493 | D:2      | Learned a level 2 spell: Repel Missiles
  1580 | D:3      | Killed barthelm's ghost
  1671 | D:2      | Acquired Vehumet's first power
  1671 | D:2      | Offered knowledge of Sandblast by Vehumet.
  1671 | D:2      | Reached skill level 6 in Fire Magic
  1746 | D:4      | Killed an ogre
  1800 | D:4      | Noticed a scorpion
  1837 | D:4      | Killed a scorpion
  1859 | D:4      | Found a shimmering altar of Xom.
  1864 | D:4      | Noticed a phantom
  1879 | D:4      | Noticed an ogre
  1962 | D:4      | Noticed a slave
  1962 | D:4      | Noticed a slave
  1962 | D:4      | Noticed a slave
  1966 | D:4      | Noticed Pikel
  1966 | D:4      | Noticed a slave
  1990 | D:4      | Killed a slave
  2050 | D:4      | Killed a slave
  2138 | D:4      | Killed a slave
  2161 | D:4      | Killed a slave
  2178 | D:4      | Noticed a scorpion
  2179 | D:4      | Found an opulent altar of Gozag.
  2207 | D:4      | Killed a scorpion
  2321 | D:5      | Learned a level 5 spell: Fireball
  2360 | D:5      | Reached XP level 8. HP: 31/46 MP: 11/16
  2544 | D:6      | Gained mutation: You are frail (-10% HP). [potion of mutation]
  2544 | D:6      | Gained mutation: You are weak. (Str -2) [potion of mutation]
  2544 | D:6      | Gained mutation: You are dopey. (Int -2) [potion of mutation]
  2545 | D:6      | Gained mutation: You are resistant to hostile enchantments. [potion of mutation]
  2545 | D:6      | Lost mutation: You are dopey. (Int -2) [potion of mutation]
  2564 | D:6      | Splashed by a jelly's acid

Vault maps used:
D:1:      lordsloth_arrival_two_stooges
D:2:      first_bread, minmay_misc_feat_enclosed, uniq_robin
D:3:      nemelex_deck, overflow_temple_1_default, old_standard_altar,
          st_stairs_13
D:4:      nicolae_overflow_crystal_walls, xom_confusion_cloud, uniq_pikel
D:5:      lemuel_crystal_altar, nicolae_overflow_hidden_temple, temple_pool_b,
          uniq_sigmund
D:6:      tgw_trog, minmay_misc_feat_diagonals
D:7:      uniq_prince_ribbit1
D:8:      nicolae_qazlal_style_of_elements, serial_shops, shop, basic_altar
D:9:      minmay_four_partial_circles, old_standard_altar, serial_shops, shop
Temple:   jpeg_temple_clearing_9

Action                   |  1- 3 |  4- 6 |  7- 9 || total
-------------------------+-------+-------+-------++-------
Melee: Club              |    12 |       |       ||    12
       Long sword        |       |     7 |    29 ||    36
 Cast: Flame Tongue      |    36 |    28 |    56 ||   120
       Conjure Flame     |     2 |     3 |     7 ||    12
       Sticky Flame      |       |     3 |    14 ||    17
       Repel Missiles    |       |       |     1 ||     1
Evoke: Wand              |     1 |     3 |       ||     4
  Use: Scroll            |     2 |     4 |       ||     6
       Potion            |       |       |     6 ||     6
 Stab: Distracted        |       |       |     1 ||     1
  Eat: Chunk             |     1 |     2 |     6 ||     9
